 Dungeon Crawl Stone Soup version 0.30-a0-4-ga7cffc901d (webtiles) character file.

Game seed: 347774082814550909

33 SensoryNuts the Shield-Bearer (level 3, 0/36 HPs)
             Began as a Troll Fighter on Aug 20, 2022.
             Slain by a goblin
             ... wielding a +0 club
             ... led by Robin
              (3 damage)
             ... on level 2 of the Dungeon.
             The game lasted 00:01:54 (1194 turns).

SensoryNuts the Shield-Bearer (Troll Fighter)       Turns: 1194, Time: 00:01:55

Health: 0/36       AC:  4    Str: 26    XL:     3   Next: 12%
Magic:  2/2        EV:  8    Int:  4    God:
Gold:   51         SH:  7    Dex:  9    Spells: 2/2 levels left

rFire   . . .      SeeInvis .    e - +0 club
rCold   . . .      Faith    .    b - +0 kite shield
rNeg    . . .      Spirit   .    a - +0 robe
rPois   .          Reflect  .    (helmet restricted)
rElec   .          Harm     .    (no cloak)
rCorr   .          Rampage  .    (gloves unavailable)
Will    .....                    (boots unavailable)
Stlth   +.........               (no amulet)
HPRegen 0.92/turn                (no ring)
MPRegen 0.08/turn                (no ring)

@: no status effects
A: large, unfitting armour, claws 3, regeneration 1, shaggy fur 1, tough skin 1
a: no special abilities


You were on level 2 of the Dungeon.
You visited 1 branch of the dungeon, and saw 2 of its levels.

You collected 51 gold pieces.

Inventory:

Hand Weapons
 e - a +0 club (weapon)
Armour
 a - a +0 robe (worn)
 b - a +0 kite shield (worn)
Scrolls
 d - a scroll of vulnerability
 i - a scroll of teleportation
Potions
 c - a potion of might
 g - 2 potions of curing


   Skills:
 + Level 2.7 Fighting
 * Level 0.7 Maces & Flails
 + Level 2.8 Dodging
 + Level 3.0 Shields
 - Level 2.1 Unarmed Combat


You had 2 spell levels left.
You didn't know any spells.
Your spell library was empty.

Dungeon Overview and Level Annotations

Branches:
Dungeon (2/15)

Altars:

Annotations:
D:2 Robin


Innate Abilities, Weirdness & Mutations

You are too large for most types of armour.
You have claws for hands.
Your natural rate of healing is unusually fast.
You are covered in fur. (AC +1)
You have tough skin. (AC +1)


Message History

You are too injured to fight recklessly!
You are too injured to fight recklessly!
You are too injured to fight recklessly!
You are too injured to fight recklessly!
You are too injured to fight recklessly!
You are too injured to fight recklessly!
You are too injured to fight recklessly!
You are too injured to fight recklessly!
You are too injured to fight recklessly!
You are too injured to fight recklessly!
You are too injured to fight recklessly!
You are too injured to fight recklessly!
You are too injured to fight recklessly!
You are too injured to fight recklessly!
You are too injured to fight recklessly!
You are too injured to fight recklessly!
You are too injured to fight recklessly!
Unknown command.
You block the goblin's attack. x2; Robin throws the goblin at you!
The goblin hits you but does no damage.
You hit the goblin.
The goblin is severely wounded.
The goblin hits you but does no damage. You block the goblin's attack.
The goblin hits you with a +0 club. x2
The goblin attacks as you move away! The goblin hits you but does no damage.
The goblin attacks as you move away! You block the goblin's attack.
The goblin hits you with a +0 club.
* * * LOW HITPOINT WARNING * * *
Robin throws the goblin at you! You block the goblin's attack.
The goblin attacks as you move away! You block the goblin's attack.
The goblin attacks as you move away! The goblin hits you but does no damage.
The goblin attacks as you move away! The goblin hits you with a +0 club.
* * * LOW HITPOINT WARNING * * *
The goblin hits you with a +0 club.
* * * LOW HITPOINT WARNING * * *
There is a stone staircase leading up, spattered with blood here.
The goblin hits you with a +0 club.
* * * LOW HITPOINT WARNING * * *
The goblin hits you with a +0 club.
You die...

.## #. #. ... #.##.
####.# #.... ....# g
#.... #...# ..#>...
####...#
.......##......#######
.............gg......#
#..........ggg@######
...............#
...............#
..............##
##...#....##.##
#.............
#.........##.#..#
........#.##....#
...####.#### ##


You could see Robin and 4 goblins.

Vanquished Creatures
  4 bats (D:1)
  5 endoplasms (D:1)
  A giant cockroach (D:1)
  11 goblins
  A hobgoblin (D:1)
  A quokka (D:1)
  2 kobolds (D:1)
  5 rats (D:1)
30 creatures vanquished.

Notes
Turn   | Place    | Note
-------+----------+-------------------------------------------
     0 | D:1      | SensoryNuts the Troll Fighter began the quest for the Orb.
     0 | D:1      | Reached XP level 1. HP: 22/22 MP: 0/0
   189 | D:1      | Reached XP level 2. HP: 29/29 MP: 1/1
   947 | D:1      | Found a faded altar of an unknown god.
  1137 | D:2      | Noticed Robin
  1149 | D:1      | Reached skill level 3 in Shields
  1164 | D:1      | Reached XP level 3. HP: 36/36 MP: 2/2
  1194 | D:2      | Slain by a goblin

Illustrated notes

Levels and vault maps discovered:
D:1:      dpeg_arrival_subterranean_lakeside_camping, layout_basic,
          shapermc_ecumenical_altar_mp_highgroup, nrook_campfire
D:2:      layout_basic, uniq_sigmund, uniq_robin

Skill      XL: |  1  2 |
---------------+-------+-----
Shields        | 3 |  3.0
Fighting       | |  2.7
Maces & Flails | |  0.7
Dodging        | |  2.8
Unarmed Combat | |  2.1

Action                   || total
-------------------------++-------
Melee: Club              ||    88
       Unarmed           ||     8
  Use: Scroll            ||     4
Armor: Robe              ||    50
Dodge: Dodged            ||    41
Block: Kite shield       ||    48

Table legend: (Time is in decaauts)
 A = Elapsed time spent in this place.
 B = Non-inter-level travel time spent in this place.
 C = Inter-level travel time spent in this place.
 D = Time resting spent in this place.
 E = Time spent auto-exploring this place.
 F = Levels seen in this place.
 G = Mean time per level.
                   A        B        C        D        E       F      G
               +--------+--------+--------+--------+--------+-----+--------+
         Total |   1233 |   1175 |     58 |      0 |    917 |   2 |  616.5 |
       Dungeon |   1233 |   1175 |     58 |      0 |    917 |   2 |  616.5 |
               +--------+--------+--------+--------+--------+-----+--------+

Top non-repeatable levels by time:
     D:1: 1196 daAuts
     D:2: 37 daAuts
